 Dungeon Crawl Stone Soup version 0.18.1-48-g4cf74bf (webtiles) character file.

213 tyranidshit the Skirmisher (level 5, -4/51 HPs)
             Began as a Deep Dwarf Necromancer on July 22, 2016.
             Killed from afar by an orc wizard (10 damage)
             ... with a puff of frost
             ... on level 3 of the Dungeon.
             The game lasted 00:05:54 (1923 turns).

tyranidshit the Skirmisher (Deep Dwarf Necromancer) Turns: 1923, Time: 00:05:55

Health: -4/51      AC:  5    Str: 12    XL:     5   Next: 59%
Magic:  7/7        EV: 11    Int: 16    God:
Gold:   107        SH:  0    Dex: 13    Spells: 1 memorised, 6 levels left

rFire  . . .     SeeInvis .     a - -3 falchion (curse)
rCold  . . .     Gourm    .     e - +0 ring mail
rNeg   . . .     Faith    .     (no shield)
rPois  .         Spirit   .     (no helmet)
rElec  .         Dismiss  .     (no cloak)
rCorr  .         Reflect  .     (no gloves)
SustAt .         Harm     .     (no boots)
MR     .....                    n - amulet of rage
Stlth  +.........               (no ring)
                                (no ring)

@: non-regenerating, not resistant to hostile enchantments, very unstealthy
A: damage resistance, recharge devices, sense surroundings 1, slow regeneration
3
a: Device Recharging, Evoke Berserk Rage


You were on level 3 of the Dungeon.
You were not hungry.

You visited 1 branch of the dungeon, and saw 3 of its levels.

You collected 107 gold pieces.

Inventory:

Hand Weapons
 a - a cursed -3 falchion (weapon)
 o - a +0 war axe
Armour
 e - a +0 ring mail (worn)
Jewellery
 n - an amulet of rage (around neck)
Wands
 c - a wand of heal wounds (1/9)
Scrolls
 h - 2 scrolls of identify
 m - a scroll of recharging
Books
 b - a book of Necromancy

   Spells                             Type                      Level
   a - Pain                           Necromancy                   1
   b - Animate Skeleton               Necromancy                   1
   c - Vampiric Draining              Necromancy                   3
   d - Regeneration                   Charms/Necromancy            3
   e - Animate Dead                   Necromancy                   4
   f - Control Undead                 Necromancy                   4
Comestibles
 d - 3 bread rations
 f - a royal jelly
 g - a beef jerky
 i - a slice of pizza
 j - 2 meat rations


   Skills:
 + Level 4.9 Fighting
 - Level 2.1 Dodging
 - Level 2.4 Stealth
 - Level 1.7 Spellcasting
 - Level 4.3 Necromancy


You had 6 spell levels left.
You knew the following spells:

 Your Spells              Type           Power        Failure   Level  Hunger
a - Pain                  Necr           ###.         10%         1    ##.....


Dungeon Overview and Level Annotations

Branches:
Dungeon (3/15)

Altars:
Ashenzari

Annotations:
D:3 Natasha


Innate Abilities, Weirdness & Mutations

You are resistant to damage.
You can recharge devices by infusing magical energy.
You passively map a small area around you.
You do not regenerate naturally.


Message History

The orc wizard casts a spell at you. The puff of flame hits you!
* * * LOW HITPOINT WARNING * * *
You hit Natasha.
Natasha is heavily wounded.
The orc misses you.
Natasha casts a spell.
The orc wizard hits you with a dagger.
You hit Natasha.
Natasha is severely wounded.
The orc closely misses you. Natasha closely misses you.
The orc wizard barely misses you. The orc barely misses you.
You closely miss Natasha.
Natasha is severely wounded.
Natasha claws you.
* * * LOW HITPOINT WARNING * * *
The crimson imp blinks!
The orc wizard points at you and mumbles some strange words.
The puff of frost hits you!
You die...

* * * ** *### , #. ..#
#. * ##. #.## #* #. * .
#...#..* ?. ##. ,
..#...... ... * ##.. ,
##....#.##....$ ####...
*
⌠.##'o#.⌠#.......+......
.....5h@......... ###...
, #....5oo##.##...* ##.#
#......§#...#.. ###
+..5_...'...#.# #
#.......#...#.# # *
#.........#...#
.........#....#
⌠.##'##.⌠#....# ###..
####....##


You could see an orc wizard, Natasha, a crimson imp, a white imp, a shadow imp
and 2 orcs.

Vanquished Creatures
  An orc priest (D:3)
  A centaur skeleton (D:3)
  Jessica (D:2)
  An orc wizard (D:3)
  2 adders
  A worm (D:2)
  A dart slug (D:2)
  A giant gecko (D:2)
  9 orcs (D:3)
  2 giant cockroaches (D:1)
  8 goblins
  9 hobgoblins
  8 kobolds
  2 ball pythons (D:1)
  11 bats
  3 giant newts
  A jackal zombie (D:3)
  12 rats
74 creatures vanquished.

Vanquished Creatures (others)
  A hobgoblin (D:2)
1 creature vanquished.

Grand Total: 75 creatures vanquished

Notes
Turn   | Place    | Note
--------------------------------------------------------------
     0 | D:1      | tyranidshit the Deep Dwarf Necromancer began the quest for the Orb.
     0 | D:1      | Reached XP level 1. HP: 15/15 MP: 3/3
    13 | D:1      | Noticed an iguana
    13 | D:1      | Noticed a giant leech
    13 | D:1      | Noticed a queen ant
    14 | D:1      | Noticed an ettin
   115 | D:1      | Reached skill level 1 in Fighting
   214 | D:1      | Reached XP level 2. HP: 16/25 MP: 2/4
   797 | D:1      | Reached XP level 3. HP: 8/33 MP: 5/5
  1248 | D:2      | Reached XP level 4. HP: 34/42 MP: 6/6
  1276 | D:2      | Noticed Jessica
  1284 | D:2      | Killed Jessica
  1612 | D:3      | Reached XP level 5. HP: 20/51 MP: 7/7
  1906 | D:3      | Found a shattered altar of Ashenzari.
  1907 | D:3      | Noticed Natasha
  1923 | D:3      | Killed from afar by an orc wizard

Skill      XL: |  1  2  3  4 |
---------------+-------------+-----
Fighting       | 1 2 3 4 |  4.9
Dodging        | |  2.1
Stealth        | |  2.4
Spellcasting   | |  1.7
Necromancy     | |  4.3

Action                   |  1- 3 |  4- 6 || total
-------------------------+-------+-------++-------
Melee: Club              |    45 |       ||    45
       Unarmed           |     1 |       ||     1
       Mace              |    35 |       ||    35
       War axe           |    65 |    63 ||   128
       Falchion          |       |    28 ||    28
 Cast: Pain              |    15 |     3 ||    18
Evoke: Wand              |     3 |     1 ||     4
  Use: Scroll            |     6 |     1 ||     7
       Potion            |     1 |     3 ||     4
 Stab: Sleeping          |     2 |     1 ||     3
       Distracted        |     2 |       ||     2
  Eat: Bread ration      |     1 |       ||     1
Armor: Robe              |    44 |     6 ||    50
       Ring mail         |       |    36 ||    36
Dodge: Dodged            |   168 |    88 ||   256
